 Dungeon Crawl Stone Soup version 0.23.2-40-g277498a001 (webtiles) character file.

Game seed: 11716267874031011297

117 Martska the Chopper (level 4, -7/41 HPs)
             Began as a Minotaur Berserker on Sept 29, 2019.
             Was a Believer of Trog.
             Splashed by an oklob plant's acid (15 damage)
             ... on level 2 of the Dungeon.
             The game lasted 00:04:50 (2439 turns).

Martska the Chopper (Minotaur Berserker)            Turns: 2439, Time: 00:04:52

Health: -7/41      AC: -1    Str: 22    XL:     4   Next: 71%
Magic:  3/3        EV: 12    Int:  4    God:    Trog [**....]
Gold:   37         SH:  0    Dex: 10    Spells: 3/3 levels left

rFire    . . .     SeeInvis .   a - +0 hand axe
rCold    . . .     Gourm    .   (no shield)
rNeg     . . .     Faith    .   b - +0 animal skin
rPois    .         Spirit   .   (helmet restricted)
rElec    .         Reflect  .   (no cloak)
rCorr    .         Harm     .   (no gloves)
MR       ++...                  (no boots)
Stlth    +.........             (no amulet)
HPRegen  1.13/turn              (no ring)
MPRegen  0.08/turn              (no ring)

@: corroded, regenerating
A: retaliatory headbutt, horns 2
a: Berserk, Trog's Hand, Renounce Religion


You were on level 2 of the Dungeon.
You worshipped Trog.
Trog was pleased with you.
You were hungry.

You visited 1 branch of the dungeon, and saw 3 of its levels.

You collected 37 gold pieces.

Inventory:

Hand Weapons
 a - a +0 hand axe (weapon)
 h - a cursed +0 spear
Armour
 b - a +0 animal skin (worn)
Jewellery
 l - an uncursed ring of protection from magic {unknown}
Scrolls
 d - 4 scrolls of remove curse {unknown}
 e - 3 scrolls of teleportation {unknown}
 j - a scroll of fear {unknown}
 m - a scroll of immolation {unknown}
 n - a scroll of amnesia {unknown}
Potions
 c - a potion of heal wounds {unknown}
 f - 2 potions of curing {unknown}
 g - a potion of agility {unknown}
 i - a potion of mutation {unknown}
Comestibles
 k - 2 rations


   Skills:
 + Level 4.9 Fighting
 + Level 5.0 Axes
 + Level 2.8 Armour
 + Level 2.8 Dodging
 + Level 0.3 Stealth


You had 3 spell levels left.
You didn't know any spells.
Your spell library was empty.

Dungeon Overview and Level Annotations

Branches:
Dungeon (3/15)

Altars:
Fedhas
Zin

Annotations:
D:2 exclusion: oklob plant


Innate Abilities, Weirdness & Mutations

You reflexively headbutt those who attack you in melee.
You have a pair of horns on your head.


Message History

You completely miss the fungus. You hit the plant but do no damage.
You hit the plant. You hit the fungus. You hit the fungus.
You destroy the fungus!
You hit the fungus. You hit the plant. You hit the plant but do no damage.
You hit the fungus. The oklob plant spits acid at you.
The splash of acid misses you.
The splash of acid hits the plant but does no damage.
The oklob plant spits acid at you. The splash of acid hits you!
The acid corrodes you!
You are splashed with acid!
You see here a ration.
Your skin crawls.
You feel resistant to hostile enchantments.
You feel somewhat more hungry. The oklob plant spits acid at you.
The splash of acid hits you!
* * * LOW HITPOINT WARNING * * *
You are splashed with acid!
You die... ################## ## #PPPP PPPP#P...#P###PP #P♣P%♣#P#.PPP#PPPP.PPP

#.P..@.P#♣PPP.PP..P♣##
#P..P.PP.#P♣.♣P.P.P♣PP
#PPPP.P..............♣
#♣#P.....≈≈.≈≈........
#PPPP♣..≈≈≈.≈≈≈..#.P..
#PPPP..≈≈≈≈.≈≈≈≈..P#..
#PPP#.≈≈≈≈≈.≈≈≈≈≈.P♣..
#PPPP.≈≈≈≈...≈≈≈≈.#♣♣P
#P##P.≈≈≈≈._.≈≈≈≈.PPP#


You could see an oklob plant.

Vanquished Creatures
  A hound zombie (D:2)
  4 adders (D:2)
  An ooze (D:1)
  A worm (D:2)
  2 dart slugs
  4 giant cockroaches (D:2)
  8 goblins
  8 hobgoblins
  9 kobolds
  A quokka (D:2)
  A ball python (D:1)
  8 bats
  3 frilled lizards
  5 rats
  8 fungi (D:2)
  13 plants (D:2)
77 creatures vanquished.

Notes
Turn   | Place    | Note
-------+----------+-------------------------------------------
     0 | D:1      | Martska the Minotaur Berserker began the quest for the Orb.
     0 | D:1      | Reached XP level 1. HP: 19/19 MP: 0/0
   256 | D:1      | Reached skill level 4 in Axes
   256 | D:1      | Reached XP level 2. HP: 27/27 MP: 1/1
   907 | D:1      | Reached XP level 3. HP: 33/33 MP: 2/2
  1219 | D:2      | Reached ** piety under Trog
  1238 | D:2      | Reached XP level 4. HP: 23/41 MP: 3/3
  1761 | D:2      | Found a blossoming altar of Fedhas.
  2021 | D:2      | Found a glowing silver altar of Zin.
  2121 | D:2      | Reached skill level 5 in Axes
  2186 | D:2      | Noticed an oklob plant
  2439 | D:2      | Splashed by an oklob plant's acid

Skill      XL: |  1  2  3  4 |
---------------+-------------+-----
Axes           | 4 5 |  5.0
Fighting       | 4 |  4.9
Armour         | |  2.8
Dodging        | |  2.8
Stealth        | |  0.3

Action                   |  1- 3 |  4- 6 || total
-------------------------+-------+-------++-------
Melee: Hand axe          |    49 |   264 ||   313
       Headbutt          |     6 |    92 ||    98
Invok: Berserk           |     1 |     1 ||     2
       Trog's Hand       |       |     1 ||     1
  Eat: Ration            |       |     2 ||     2
Armor: Animal skin       |     7 |    12 ||    19
Dodge: Dodged            |    38 |    52 ||    90
